 Dungeon Crawl Stone Soup version 0.22-a0-78-g0f8607c (webtiles) character file.

7473 SaintJimmy the Grappler (level 10, -14/94 HPs)
             Began as a Troll Berserker on Aug 27, 2017.
             Was a High Priest of Trog.
             Demolished by an orc warrior
             ... wielding a +0 scimitar
              (17 damage)
             ... on level 2 of the Orcish Mines on Jan 17, 2018.
             The game lasted 01:14:28 (9089 turns).

SaintJimmy the Grappler (Troll Berserker)           Turns: 9089, Time: 01:14:29

Health: -14/94     AC:  7    Str: 30    XL:     10   Next: 94%
Magic:  9/9        EV: 12    Int:  5    God:    Trog [*****.]
Gold:   307        SH:  0    Dex:  9    Spells: 9/9 levels left

rFire    . . .     SeeInvis +     - Unarmed
rCold    . . .     Gourm    +   (no shield)
rNeg     . . .     Faith    .   a - +2 animal skin
rPois    .         Spirit   .   (helmet restricted)
rElec    +         Reflect  .   (no cloak)
rCorr    .         Harm     .   (gloves unavailable)
MR       .....                  (boots unavailable)
Stlth    +++.......             (no amulet)
HPRegen  0.65/turn              o - ring of stealth
MPRegen  0.11/turn              (no ring)

@: berserk cooldown, slowed, very slow
A: large, unfitting armour, claws 3, see invisible, clever 1, fast metabolism 3,
gourmand, mutation resistance 1, regeneration 1, shaggy fur 1, electricity
resistance, tough skin 2
a: Berserk, Trog's Hand, Brothers in Arms, Burn Spellbooks, Renounce Religion


You were on level 2 of the Orcish Mines.
You worshipped Trog.
Trog was extremely pleased with you.
You were hungry.

You visited 3 branches of the dungeon, and saw 12 of its levels.

You collected 419 gold pieces.
You spent 112 gold pieces at shops.

Inventory:

Hand Weapons
 u - a +0 giant spiked club
 B - a +1 shortbow
 N - a +0 blowgun
Missiles
 f - 186 stones
 p - 24 poisoned needles (quivered)
 r - 52 sling bullets
 C - 157 arrows
 G - a throwing net
 U - 3 needles of confusion
Armour
 a - a +2 animal skin (worn)
Jewellery
 o - a ring of stealth (left claw)
 F - an uncursed amulet of magic regeneration
 R - an uncursed ring of magical power
Wands
 i - a wand of polymorph (10)
 q - a wand of clouds (6)
 I - a wand of removedness (17)
 L - a wand of random effects (27)
 M - a wand of polymorph (20)
 T - a wand of iceblast (10)
Scrolls
 h - a scroll of amnesia
 j - 2 scrolls of teleportation
 m - 3 scrolls of enchant weapon
 n - a scroll of random uselessness {unknown}
 w - a scroll of fear
 y - 9 scrolls of remove curse
 A - a scroll of blinking
 D - a scroll of magic mapping
 K - a scroll of silence {unknown}
 P - a scroll of removedness
 Q - a scroll of vulnerability {unknown}
 S - a scroll of fog {unknown}
 W - a scroll of enchant armour
Potions
 c - 4 potions of heal wounds
 d - a potion of brilliance
 e - a potion of might {unknown}
 k - a potion of flight {unknown}
 l - 3 potions of curing
 t - 2 potions of berserk rage
 v - 2 potions of magic
 x - a potion of resistance
 E - a potion of haste {unknown}
 H - a potion of cancellation {unknown}
 J - a potion of ambrosia
 O - a potion of invisibility {unknown}
Comestibles
 b - 7 rations
 g - a ration
 s - 2 rations
 z - 2 rations


   Skills:
 + Level 4.4 Fighting
 + Level 1.9 Bows
 + Level 0.8 Throwing
 + Level 6.6 Dodging
 + Level 3.5 Stealth
 * Level 12.8 Unarmed Combat
 + Level 0.1 Evocations


You had 9 spell levels left.
You didn't know any spells.

Dungeon Overview and Level Annotations

Branches:
Dungeon (9/15)             Temple (1/1) D:4             Orc (2/2) D:9
   Lair: D:8-11         Elf: Orc:2

Altars:
Ashenzari
Cheibriados
Dithmenos
Elyvilon
Fedhas
Gozag
Hepliaklqana
Kikubaaqudgha
Makhleb
Nemelex Xobeh
Okawaru
Qazlal
Ru
Sif Muna
Trog
Uskayaw
Vehumet
Wu Jian
Xom
Yredelemnul
Zin
The Shining One

Shops:
D:5 !   D:8 [

Annotations:
Orc:1 FrankyJ's ghost, journeyman MfGl


Innate Abilities, Weirdness & Mutations

You are too large for most types of armour.
You have claws for hands.
Your metabolism is lightning-fast.
You like to eat raw meat.
Your natural rate of healing is unusually fast.
You are covered in fur. (AC +1)
You have very tough skin. (AC +2)
You have supernaturally acute eyesight. (SInv)
Your mind is acute. (Int +2)
You are somewhat resistant to further mutation.
You are resistant to electric shocks. (rElec)


Message History

You can move again.
An orc and an orc priest come into view.
You can't go up here!
You feel a strong urge to attack something.
The orc priest shouts!
The orc misses you. FrankyJ's ghost hits you!
* * * LOW HITPOINT WARNING * * *
FrankyJ's ghost burns you.
* * * LOW HITPOINT WARNING * * *
You climb downwards.
A troll comes into view.
You are no longer berserk.
You are exhausted.
You feel yourself slow down.
The troll shouts!
You hear a shout!
Found 29 gold pieces.
There is a stone staircase leading up here.
The orc wizard closely misses you.
The orc warrior hits you with a scimitar!
You die...

........ ......
####$....
#.......T
#.......## ##
.........#..##
......ooo....##
#o@o.....#
####......
....# ..## ##


You could see a troll, an orc sorcerer, an orc warrior, an orc wizard and 2
orcs.

Vanquished Creatures
  Erica (D:9)
  2 two-headed ogres (D:8)
  A deep elf mage (D:8)
  A hornet (D:8)
  A hippogriff (D:9)
  A spriggan (D:7)
  A warg (D:9)
  A water moccasin (D:9)
  5 orc warriors
  A black bear (D:6)
  5 ogres
  A phantom (D:8)
  5 ice beasts
  An eye of draining (D:9)
  4 centaurs
  2 wolves (D:9)
  Blork the orc (D:4)
  A big kobold (D:7)
  3 bullfrogs
  A wyvern skeleton (D:8)
  2 scorpions
  6 killer bees (D:8)
  3 wights (D:8)
  4 crimson imps
  A centaur zombie (D:5)
  2 quasits (D:9)
  A bullfrog zombie (D:9)
  3 jellies
  4 orc priests
  12 orc wizards
  2 hounds
  A centaur skeleton (D:5)
  2 iguanas
  A bullfrog skeleton (D:5)
  4 worker ants
  3 hound skeletons
  Robin (D:4)
  13 adders
  4 gnolls (D:5)
  2 shadow imps
  An adder zombie (D:8)
  3 adder skeletons
  2 worms
  5 dart slugs
  7 leopard geckos
  19 orcs
  A ball python (D:5)
  4 giant cockroaches
  13 goblins
  8 hobgoblins
  16 jackals
  5 quokkas
  6 bats
  4 frilled lizards
  9 kobolds
  A leopard gecko skeleton (D:5)
  A quokka skeleton (D:4)
  3 rats
218 creatures vanquished.

Notes
Turn   | Place    | Note
-------+----------+-------------------------------------------
     0 | D:1      | SaintJimmy the Troll Berserker began the quest for the Orb.
     0 | D:1      | Reached XP level 1. HP: 22/22 MP: 0/0
   402 | D:1      | Reached XP level 2. HP: 29/29 MP: 1/1
  1177 | D:2      | Reached XP level 3. HP: 35/36 MP: 2/2
  1830 | D:3      | Noticed a centaur
  1842 | D:3      | Reached ** piety under Trog
  1903 | D:3      | Killed a centaur
  1903 | D:3      | Reached skill level 4 in Unarmed Combat
  1903 | D:3      | Reached XP level 4. HP: 18/44 MP: 3/3
  1903 | D:3      | Reached XP level 5. HP: 21/52 MP: 4/4
  2276 | D:3      | Found an opulent altar of Gozag.
  2419 | D:3      | Reached skill level 1 in Stealth
  2717 | D:3      | Found a shattered altar of Ashenzari.
  2785 | D:4      | Found a radiant altar of Vehumet.
  2822 | D:5      | Entered Level 5 of the Dungeon
  2925 | D:5      | Reached XP level 6. HP: 61/61 MP: 5/5
  3234 | D:5      | Reached skill level 5 in Unarmed Combat
  3286 | D:5      | Noticed an ice beast
  3299 | D:5      | Killed an ice beast
  3299 | D:5      | Reached XP level 7. HP: 34/67 MP: 6/6
  3598 | D:5      | Reached skill level 6 in Unarmed Combat
  3670 | D:4      | Noticed Robin
  3687 | D:4      | Reached *** piety under Trog
  3695 | D:4      | Killed Robin
  3742 | D:4      | Found a hide-covered altar of Uskayaw.
  4048 | D:4      | Noticed Blork the orc
  4058 | D:4      | Killed Blork the orc
  4058 | D:4      | Reached skill level 5 in Dodging
  4061 | D:4      | Reached XP level 8. HP: 75/75 MP: 7/7
  4063 | D:4      | Found a staircase to the Ecumenical Temple.
  4129 | Temple   | Entered the Ecumenical Temple
  4683 | D:5      | Found Koluosuq's Distillery.
  4686 | D:5      | Bought a potion of mutation for 112 gold pieces
  4687 | D:5      | Gained mutation: You tend to lose your temper in combat. [potion of mutation]
  4687 | D:5      | Gained mutation: Your mind is acute. (Int +2) [potion of mutation]
  4687 | D:5      | Gained mutation: Your mind is very acute. (Int +4) [potion of mutation]
  4687 | D:5      | Gained mutation: You passively map a small area around you. [potion of mutation]
  4688 | D:5      | Lost mutation: You passively map a small area around you. [potion of mutation]
  4688 | D:5      | Lost mutation: Your mind is very acute. (Int +4) [potion of mutation]
  4688 | D:5      | Lost mutation: You tend to lose your temper in combat. [potion of mutation]
  4688 | D:5      | Gained mutation: You are resistant to electric shocks. (rElec) [potion of mutation]
  4688 | D:5      | Gained mutation: You have supernaturally acute eyesight. (SInv) [potion of mutation]
  4688 | D:5      | Gained mutation: You are somewhat resistant to further mutation. [potion of mutation]
  4793 | D:5      | Reached skill level 7 in Unarmed Combat
  5212 | D:6      | Reached skill level 8 in Unarmed Combat
  5486 | D:6      | Reached **** piety under Trog
  5505 | D:6      | Found a shadowy altar of Dithmenos.
  6098 | D:7      | Reached XP level 9. HP: 84/84 MP: 8/8
  6140 | D:7      | Reached skill level 9 in Unarmed Combat
  6552 | D:7      | Reached skill level 10 in Unarmed Combat
  6833 | D:7      | Found a bloodstained altar of Trog.
  7052 | D:7      | Upgraded the game from 0.21-a0-223-g812f45e to 0.22-a0-78-g0f8607c
  7253 | D:8      | Found a burning altar of Makhleb.
  7309 | D:8      | Reached ***** piety under Trog
  7395 | D:8      | Found a snail-covered altar of Cheibriados.
  7467 | D:8      | Noticed a deep elf mage
  7473 | D:8      | Noticed a two-headed ogre
  7479 | D:8      | Killed a two-headed ogre
  7479 | D:8      | Reached skill level 11 in Unarmed Combat
  7479 | D:8      | Reached XP level 10. HP: 62/92 MP: 9/9
  7485 | D:8      | Killed a deep elf mage
  7652 | D:8      | Found Pefruom's Armour Shop.
  7860 | D:8      | Noticed a two-headed ogre
  7865 | D:8      | Found an iron altar of Okawaru.
  7875 | D:8      | Killed a two-headed ogre
  7875 | D:8      | Reached skill level 1 in Bows
  7875 | D:8      | Reached skill level 12 in Unarmed Combat
  8136 | D:9      | Found a staircase to the Orcish Mines.
  8182 | D:9      | Noticed Grum
  8187 | D:9      | Noticed Grum
  8187 | D:9      | Grum changed into Grum the warg
  8199 | D:9      | Killed Grum the warg
  8430 | D:9      | Found a white marble altar of Elyvilon.
  8699 | D:9      | Noticed Erica
  8707 | D:9      | Killed Erica
  9079 | Orc:1    | Entered Level 1 of the Orcish Mines
  9079 | Orc:1    | Noticed FrankyJ's ghost (journeyman MfGl)
  9080 | Orc:1    | Noticed an orc sorcerer
  9081 | Orc:1    | Paralysed by an orc sorcerer for 6 turns
  9087 | Orc:1    | HP: 2/141 [FrankyJ's ghost (10)]
  9088 | Orc:2    | Entered Level 2 of the Orcish Mines
  9089 | Orc:2    | Demolished by an orc warrior

Vault maps used:
D:1:      onia_arrival_mini_maze
D:2:      minmay_tetromino_o4
D:3:      minmay_door_path, grunt_gozag_breadcrumbs, first_bread,
          ashenzari_altar_1
D:4:      nicolae_overflow_hidden_temple, eat_drink_and_be_merry_uskayaw,
          temple_fountains, uniq_blork_the_orc, uniq_robin
D:5:      wad_pebble_path, serial_shops, nicolae_shop_behind_doors
D:6:      nicolae_dithmenos_the_darkroom
D:7:      old_standard_altar, the_bakery, minmay_misc_feat_diagonals
D:8:      bloody_makhleb, okawaru_ov_weapons_minmay, serial_shops,
          nicolae_shop_trees, basic_altar
D:9:      elyvilon_altar_1, uniq_erica, uniq_grum
Temple:   dshaligram_water_room_temple
Orc:1:    nicolae_orc_damp_corner
Orc:2:    st_orc_rangers

Skill      XL: |  1  2  3  4  5  6  7  8  9 10 |
---------------+-------------------------------+-----
Dodging        | 3 4 5 6 |  6.6
Unarmed Combat | 4 5 6 8 11 12 | 12.8
Stealth        | 1 2 3 |  3.5
Fighting       | 3 4 |  4.4
Bows           | 1 |  1.9
Throwing       | |  0.8
Evocations     | |  0.1

Action                   |  1- 3 |  4- 6 |  7- 9 | 10-12 || total
-------------------------+-------+-------+-------+-------++-------
Melee: Unarmed           |    89 |   145 |   358 |    72 ||   664
       Punch             |     1 |     1 |     8 |     4 ||    14
 Fire: Shortbow          |       |       |     4 |    19 ||    23
       Blowgun           |       |       |     2 |     1 ||     3
Throw: Stone             |     4 |       |     5 |       ||     9
Invok: Berserk           |     2 |     4 |     8 |     4 ||    18
       Trog's Hand       |       |     3 |     2 |     1 ||     6
Evoke: Wand              |       |       |       |     4 ||     4
  Use: Potion            |     1 |       |     7 |       ||     8
       Scroll            |       |     6 |     5 |     4 ||    15
 Stab: Sleeping          |     2 |     1 |     6 |     4 ||    13
  Eat: Buggy ration      |     2 |       |       |       ||     2
       Chunk             |     3 |    24 |    24 |     6 ||    57
       Ration            |     1 |       |     4 |     2 ||     7
       Buggy fruit       |       |     2 |     5 |       ||     7
Armor: Animal skin       |    29 |    64 |   105 |    17 ||   215
Dodge: Dodged            |    40 |   126 |   222 |    35 ||   423
Block: Large shield      |    25 |       |       |       ||    25

Table legend:
 A = Spawn XP
 B = Non-spawn XP
 C = Spawn XP percentage of total XP
 D = Spawn monster count
 E = Non-spawn monster count
 F = Spawn count percentage of total count
 G = Total turns spent on level
                    A         B        C        D         E        F      G
               +---------+---------+-------+---------+---------+-------+---------
         Total |     333 |   10344 |   3.1 |      16 |     202 |   7.3 |  9089
               +---------+---------+-------+---------+---------+-------+---------
           D:1 |       4 |      30 |  11.8 |       3 |      14 |  17.6 |  1124
           D:2 |       0 |      45 |   0.0 |       0 |      10 |   0.0 |   607
           D:3 |      10 |     235 |   4.1 |       5 |      18 |  21.7 |  1054
           D:4 |       1 |     315 |   0.3 |       1 |      27 |   3.6 |   912
           D:5 |       6 |    1069 |   0.6 |       3 |      25 |  10.7 |  1199
           D:6 |     130 |     704 |  15.6 |       2 |      18 |  10.0 |  1003
           D:7 |     182 |    1689 |   9.7 |       2 |      42 |   4.5 |  1204
           D:8 |       0 |    3541 |   0.0 |       0 |      25 |   0.0 |   883
           D:9 |       0 |    2716 |   0.0 |       0 |      23 |   0.0 |   943
               +---------+---------+-------+---------+---------+-------+---------
